 Dungeon Crawl Stone Soup version 0.31-a0-187-gba352fbbf7 (webtiles) character file.

Game seed: 15778499829824632504

56 qw the Shooter (level 3, -1/20 HPs)
             Began as a Deep Elf Hunter on June 22, 2023.
             Slain by a goblin
             ... wielding a +4 dagger of venom
             ... led by Robin
              (5 damage)
             ... on level 2 of the Dungeon.
             The game lasted 00:00:23 (1120 turns).

qw the Shooter (Deep Elf Hunter)                    Turns: 1120, Time: 00:00:24

Health: -1/20      AC:  3    Str: 10    XL:     3   Next: 69%
Magic:  5/5        EV: 12    Int: 13    God:
Gold:   111        SH:  0    Dex: 18    Spells: 2/2 levels left

rFire   . . .        Y - +1 shortbow
rCold   . . .        (shield currently unavailable)
rNeg    . . .        c - +0 leather armour
rPois   .            (no helmet)
rElec   .            (no cloak)
rCorr   .            (no gloves)
SInv    .            (no boots)
Will    .....        (no amulet)
Stlth   ++           (no ring)
HPRegen 0.23/turn    (no ring)
MPRegen 0.09/turn

%: no passive effects
@: lethally poisoned (-1 -> -8)
A: no striking features
a: no special abilities


You were on level 2 of the Dungeon.
You visited 1 branch of the dungeon, and saw 2 of its levels.

You collected 111 gold pieces.


   Skills:
 - Level 1.5 Fighting
 + Level 7.2 Ranged Weapons
 - Level 2.4 Dodging
 - Level 1.2 Stealth


You had 2 spell levels left.
You didn't know any spells.
Your spell library was empty.

Inventory:

Hand Weapons
 Y - a +1 shortbow (weapon)
Armour
 c - a +0 leather armour (worn)
Scrolls
 a - a scroll of identify {unknown}
 b - a scroll of fear {unknown}
Potions
 d - a potion of resistance {unknown}
 e - a potion of enlightenment {unknown}
 f - a potion of degeneration {unknown}

Dungeon Overview and Level Annotations

Branches:
Dungeon (2/15)

Altars:

Shops:
D:1 [!!   D:2 [


Message History

You shoot an arrow. The arrow closely misses the goblin. x2
The goblin barely misses you.
You shoot an arrow. The arrow closely misses the goblin.
The goblin misses you.
Robin of the Strong Arm comes into view.
They are wielding a +0 dagger.
You shoot an arrow. The arrow hits the goblin.
You kill the goblin!
The goblin closely misses you. Robin throws the goblin at you!
You shoot an arrow. The arrow hits the goblin.
You kill the goblin!
The goblin hits you with a +0 dagger. The goblin barely misses you.
Robin roars a battlecry!
The goblin goes into a battle-frenzy!
You shoot an arrow. The arrow hits the goblin.
You kill the goblin!
The goblin hits you but does no damage.
You shoot an arrow. The arrow hits the goblin.
You kill the goblin!
A goblin comes into view. It is wielding a +4 dagger of venom.
You shoot an arrow. The arrow hits Robin.
Robin is lightly wounded.
Robin throws the goblin at you! The goblin barely misses you.
You shoot an arrow. The arrow hits Robin.
Robin is lightly wounded.
The goblin hits you with a +4 dagger of venom.
Robin hits you with a +0 dagger.
You shoot an arrow.
The arrow hits Robin but does no damage.
Robin is lightly wounded.
The goblin closely misses you. Robin hits you with a +0 dagger.
You shoot an arrow. The arrow hits Robin!
Robin is severely wounded.
The goblin hits you with a +4 dagger of venom.
You are lethally poisoned!
Robin hits you with a +0 dagger.
You shoot an arrow. The arrow hits Robin!
You kill Robin!
You feel very sick.
The goblin hits you with a +4 dagger of venom.
You die...

#............
####
###.###)#######
...# #.....#.#
##.# #.....#.#
#.# #..}....###
#.# #.........#
##.###
#.........#
.....#
###.....).##
##.#.#
#.....g@)#
##.#.#
#......)...#
...#.#
#.......##..#
##.#.###
#.......# #?#
#.....#
#........ ..
#.#.#.#
#........# ##
#.#.#.#
#........#
#.#.#.#
###...##.#
##.#.#.#


You could see a goblin (strong).

Vanquished Creatures
  Robin (D:2)
  An adder (D:2)
  2 dart slugs (D:1)
  An endoplasm (D:2)
  A giant cockroach (D:1)
  7 goblins
  6 hobgoblins
  4 jackals (D:1)
  6 kobolds
  A quokka (D:1)
  3 ball pythons
  3 bats (D:1)
  4 rats
40 creatures vanquished.

Notes
Turn   | Place    | Note
-------+----------+-------------------------------------------
     0 | D:1      | qw the Deep Elf Hunter began the quest for the Orb.
     0 | D:1      | Reached XP level 1. HP: 12/12 MP: 3/3
     0 | D:1      | 0 ||| qw: Version: 0.3-a-9-g12657ce
     0 | D:1      | 0 ||| qw: Game counter: 2310
     0 | D:1      | 0 ||| qw: Always use a shield: true
     0 | D:1      | 0 ||| qw: God list: Okawaru
     0 | D:1      | 0 ||| qw: Allow faded altars: false
     0 | D:1      | 0 ||| qw: Do Orc after D:15 true
     0 | D:1      | 0 ||| qw: Do second Lair branch before Depths: true
     0 | D:1      | 0 ||| qw: Lair rune preference: random
     0 | D:1      | 0 ||| qw: Plans: Normal
     0 | D:1      | 0 ||| PLANNING D:1-11
    22 | D:1      | Found Zaulamu's Armour Boutique.
    38 | D:1      | 38 ||| SHOPLISTING +0 cloak of stealth (138 gold, have 0).
    38 | D:1      | 38 ||| SHOPLISTING +0 robe of the Planets {rF+ Dex+2} (226
                  | gold, have 0).
    38 | D:1      | 38 ||| SHOPLISTING +0 scale mail (48 gold, have 0).
    38 | D:1      | 38 ||| SHOPLISTING +1 leather armour of poison resistance
                  | (132 gold, have 0).
    42 | D:1      | Found Louxafusch's Distillery.
    48 | D:1      | 48 ||| SHOPLISTING potion of curing (33 gold, have 0).
    48 | D:1      | 48 ||| SHOPLISTING potion of resistance (110 gold, have 0).
   137 | D:1      | Reached XP level 2. HP: 16/16 MP: 4/4
   156 | D:1      | Reached skill level 6 in Ranged Weapons
   332 | D:1      | Found Zeveumn's Distillery.
   339 | D:1      | 339 ||| SHOPLISTING 2 potions of curing (72 gold, have 24).
   339 | D:1      | 339 ||| SHOPLISTING 2 potions of mutation (192 gold, have
                  | 24).
   339 | D:1      | 339 ||| SHOPLISTING potion of curing (36 gold, have 24).
   339 | D:1      | 339 ||| SHOPLISTING potion of heal wounds (60 gold, have
                  | 24).
   586 | D:1      | Reached XP level 3. HP: 20/20 MP: 5/5
   696 | D:1      | 696 ||| READING scroll labelled JOVIR LA BEUS.
   697 | D:1      | 697 ||| READING scroll labelled JEN NOXISOESTI.
   698 | D:1      | 698 ||| READING scroll labelled HOTENG YXOBYNU.
   699 | D:1      | 699 ||| DROPPING scroll of butterflies.
   731 | D:2      | 731 ||| STAIRDANCE
   775 | D:2      | Found Geleppaz's Antique Armour Shoppe.
   817 | D:2      | 817 ||| SHOPLISTING glowing robe (92 gold, have 33).
   817 | D:2      | 817 ||| SHOPLISTING heavily runed ring mail (225 gold, have
                  | 33).
   817 | D:2      | 817 ||| SHOPLISTING pair of gloves (112 gold, have 33).
   817 | D:2      | 817 ||| SHOPLISTING pair of runed boots (187 gold, have
                  | 33).
   822 | D:2      | Reached skill level 7 in Ranged Weapons
  1111 | D:2      | Noticed Robin
  1120 | D:2      | Killed Robin
  1120 | D:2      | HP: 4/20 [poisoned by a goblin]
  1120 | D:2      | Slain by a goblin

Levels and vault maps discovered:
D:1:      ncdulo_smallfort, layout_basic, serial_shops, nicolae_shop_tiny_glass,
          nicolae_shop_rolling_square, shop, chequers_serial_rivers_small_b,
          dk_noncrumbling_4
D:2:      layout_basic, serial_shops, nicolae_shop_just_a_little_nook,
          dreamdust_wishing_well, chequers_serial_rivers_micro_c,
          nicolae_grassy_gnolls, uniq_robin

Skill      XL: |  1  2  3 |
---------------+----------+-----
Ranged Weapons | 6 7 |  7.2
Fighting       | |  1.5
Dodging        | |  2.4
Stealth        | |  1.2

Action                     || total
---------------------------++-------
   Fire: Shortbow          ||    96
    Use: Scroll            ||     3
 Armour: Leather armour    ||    18
  Dodge: Dodged            ||    44

Table legend:
 A = Non-vault XP
 B = Vault XP
 C = Vault XP percentage of total XP
 D = Non-vault monster count
 E = Vault monster count
 F = Vault count percentage of total count
                 A         B        C        D         E       F
            +---------+---------+-------+---------+---------+-------
      Total |      70 |      26 |  27.1 |      34 |       6 |  15.0
            +---------+---------+-------+---------+---------+-------
        D:1 |      49 |       0 |   0.0 |      27 |       0 |   0.0
        D:2 |      21 |      26 |  55.3 |       7 |       6 |  46.2
            +---------+---------+-------+---------+---------+-------
